 Dungeon Crawl Stone Soup version 0.29.1-12-g30fa7ad0bf (webtiles) character file.

Game seed: 16713517487309190248

86 Radix the Trooper (level 4, -1/29 HPs)
             Began as a Gargoyle Cinder Acolyte on Dec 17, 2022.
             Was a High Priest of Ignis.
             Slain by Sigmund
             ... wielding a +0 scythe
              (2 damage)
             ... on level 2 of the Dungeon.
             The game lasted 00:12:17 (2402 turns).

Radix the Trooper (Gargoyle Cinder Acolyte)         Turns: 2402, Time: 00:12:17

Health: -1/29      AC:  5    Str: 18    XL:     4   Next: 50%
Magic:  0/7        EV: 11    Int: 22    God:    Ignis [*****.]
Gold:   162        SH:  0    Dex:  5    Spells: 5/7 levels left

rFire   + + .      SeeInvis .   a - -1 mace (flame)
rCold   . . .      Faith    .   (no shield)
rNeg    + . .      Spirit   .   b - +0 robe
rPois   ∞          Reflect  .   (no helmet)
rElec   +          Harm     .   (no cloak)
rCorr   .          Rampage  .   (no gloves)
Will    .....                   (no boots)
Stlth   +.........              (no amulet)
HPRegen 0.09/turn               h - ring of protection from fire
MPRegen 0.10/turn               o - +6 ring of intelligence

@: no status effects
A: sickness immunity, AC +3, negative energy resistance 1, electricity
resistance, torment resistance 1, petrification resistance
a: Renounce Religion, Fiery Armour, Foxfire Swarm, Rising Flame


You were on level 2 of the Dungeon.
You worshipped Ignis.
Ignis was extremely pleased with you.
You visited 1 branch of the dungeon, and saw 2 of its levels.

You collected 162 gold pieces.

Inventory:

Hand Weapons
 a - a -1 mace of flaming (weapon)
Missiles
 k - 4 poisoned darts (quivered)
Armour
 b - a +0 robe (worn)
 m - a +0 leather armour
Jewellery
 h - a ring of protection from fire (left hand)
 o - a +6 ring of intelligence (right hand)
Scrolls
 c - 3 scrolls of identify {unknown}
 i - 2 scrolls of enchant weapon {unknown}
 j - a scroll of amnesia {unknown}
 l - a scroll of teleportation {unknown}
 n - a scroll of noise {unknown}
 p - a scroll of silence {unknown}
 q - a scroll of acquirement {unknown}
 r - a scroll of summoning {unknown}
 s - a scroll of enchant armour {unknown}
 t - a scroll of fear {unknown}
Potions
 d - a potion of heal wounds {unknown}
 e - 2 potions of might {unknown}
 f - a potion of flight {unknown}
 g - a potion of degeneration {unknown}


   Skills:
 + Level 4.0 Fighting
 + Level 3.6 Maces & Flails
 + Level 2.0 Spellcasting
 + Level 3.5 Fire Magic


You had 5 spell levels left.
You knew the following spells:

 Your Spells              Type           Power      Damage    Failure   Level
a - Scorch                Fire           36%        2d7       4%          2

Your spell library contained the following spells:

 Spells                   Type           Power      Damage    Failure   Level
 Freeze                   Ice            8%         1d3       14%         1
 Magic Dart               Conj           8%         1d3       14%         1
 Searing Ray              Conj           4%         2d4       21%         2
 Frozen Ramparts          Ice            4%         1d1       38%         3
 Fulminant Prism          Conj/Hex       1%         3d6       80%         4
 Hailstorm                Conj/Ice       2%         3d3       80%         4


Dungeon Overview and Level Annotations

Branches:
Dungeon (2/15)

Altars:

Annotations:
D:2 Sigmund


Innate Abilities, Weirdness & Mutations

You are immune to sickness and miasma.
Your stone body is resilient. (AC +3)
You are immune to poison.
You resist negative energy. (rN+)
You are resistant to electric shocks. (rElec)
You are resistant to unholy torment.
You are immune to petrification.


Message History

Sigmund's fire resistance burns away.
Sigmund closely misses you.
Casting: Scorch (safe; 4% risk of failure)
Confirm with . or Enter, or press ? or * to list all spells.
You don't have enough magic to cast this spell.
Sigmund hits you from afar with a +0 scythe.
You closely miss Sigmund.
Sigmund is moderately wounded.
Sigmund hits you but does no damage.
You closely miss Sigmund.
Sigmund is moderately wounded.
Sigmund is no longer more vulnerable to fire.
Sigmund barely misses you.
You hit Sigmund but do no damage.
Sigmund is moderately wounded.
Sigmund hits you with a +0 scythe!
You barely miss Sigmund.
Sigmund is moderately wounded.
Sigmund gestures at you while chanting. The puff of flame hits you. You resist.
You sock Sigmund! You burn Sigmund.
Sigmund is severely wounded.
Sigmund gestures at you while chanting. The magic dart hits you.
* * * LOW HITPOINT WARNING * * *
Casting: Scorch (safe; 4% risk of failure)
Confirm with . or Enter, or press ? or * to list all spells.
Flames lash Sigmund.
Sigmund resists.
Sigmund is severely wounded.
Sigmund's fire resistance burns away.
Sigmund hits you with a +0 scythe!
* * * LOW HITPOINT WARNING * * *
You hit Sigmund. You burn Sigmund.
Sigmund is almost dead.
Sigmund barely misses you.
You closely miss Sigmund.
Sigmund is almost dead.
Sigmund is no longer more vulnerable to fire.
You hit Sigmund but do no damage.
Sigmund is almost dead.
Sigmund hits you with a +0 scythe.
You die...

#..#.#.#.#.# #.....#.#........
####.#†#.#.# #.#...#.#..#.#.##
.........#.# ................
####.#...#.# #...#.#........
#.#...#.# .(..#.#..†.....
#.#...#.# #.#.#.#..#.....
#.#...#.# #.#.........#..
####.#...#.########.###.##.#.##..
...#.#...#......@@..###...<...#..
........................>..#..#..
...###..............###.......#..
...# #..############# ##.#.####..
...# #..# #.#....... ...# #..#
#@######.# ...# #..# #.# #.. ...#
#..# ###.# ### ...# #..# ##.@.#


You could see Sigmund.

Vanquished Creatures
  2 adders (D:2)
  2 worms (D:2)
  3 dart slugs
  4 ball pythons
  3 endoplasms
  2 giant cockroaches (D:1)
  5 hobgoblins
  4 jackals (D:2)
  5 kobolds
  3 quokkas
  4 bats
  A frilled lizard (D:2)
  9 goblins
  5 rats
52 creatures vanquished.

Notes
Turn   | Place    | Note
-------+----------+-------------------------------------------
     0 | D:1      | Radix the Gargoyle Cinder Acolyte began the quest for the
                  | Orb.
     0 | D:1      | Reached XP level 1. HP: 14/14 MP: 2/2
   481 | D:1      | Reached XP level 2. HP: 14/19 MP: 3/3
  1104 | D:1      | Reached XP level 3. HP: 23/24 MP: 5/5
  1135 | D:1      | Learned a level 2 spell: Scorch
  1684 | D:2      | Noticed Sigmund
  1944 | D:2      | Reached XP level 4. HP: 24/29 MP: 6/6
  1957 | D:2      | Reached skill level 4 in Fighting
  2399 | D:2      | HP: 1/29 [Sigmund/+0 scythe (7)]
  2402 | D:2      | Slain by Sigmund

Illustrated notes

Levels and vault maps discovered:
D:1:      minmay_arrival_widening_spiral_narrow, layout_loops_corners,
          chequers_serial_rivers_small_b, chequers_serial_rivers_micro_c
D:2:      cheibrodos_greedy_goblins, layout_basic, uniq_sigmund

Skill      XL: |  1  2  3  4 |
---------------+-------------+-----
Fighting       | 4 |  4.0
Spellcasting   | 2 |  2.0
Maces & Flails | |  3.6
Fire Magic     | |  3.5

Action                   |  1- 3 |  4- 6 || total
-------------------------+-------+-------++-------
Melee: Mace              |    97 |    45 ||   142
       Punch             |     1 |       ||     1
Throw: Dart              |       |     3 ||     3
 Cast: Scorch            |     2 |    11 ||    13
Armor: Robe              |    38 |    21 ||    59
Dodge: Dodged            |    68 |    31 ||    99
